 Dungeon Crawl Stone Soup version 0.30-a0-696-g2367cd04db (webtiles) character file.

Game seed: 13463196927929865774

137 bmack86 the Covered (level 5, -2/47 HPs)
             Began as a Minotaur Fighter on Jan 20, 2023.
             Slain by a gnoll
             ... wielding a +0 spear
              (7 damage)
             ... on level 3 of the Dungeon.
             The game lasted 00:08:51 (1894 turns).

bmack86 the Covered (Minotaur Fighter)              Turns: 1894, Time: 00:08:51

Health: -2/47      AC:  7    Str: 22    XL:     5   Next: 0%
Magic:  4/4        EV:  9    Int:  5    God:
Gold:   157        SH:  4    Dex: 10    Spells: 4/4 levels left

rFire   . . .      SeeInvis .    a - +0 war axe
rCold   . . .      Faith    .    c - +0 buckler
rNeg    . . .      Spirit   .    b - +0 scale mail
rPois   .          Reflect  .    (helmet restricted)
rElec   .          Harm     .    (no cloak)
rCorr   .          Rampage  .    (no gloves)
Will    .....                    (no boots) Stlth
                                 (no amulet)
HPRegen 0.27/turn                j - ring of flight
MPRegen 0.09/turn                (no ring)

@: flying
A: horns 2, retaliatory headbutt
a: no special abilities


You were on level 3 of the Dungeon.
You visited 1 branch of the dungeon, and saw 3 of its levels.

You collected 157 gold pieces.

Inventory:

Hand Weapons
 a - a +0 war axe (weapon)
Missiles
 m - 5 javelins (quivered)
 q - 4 poisoned darts
Armour
 b - a +0 scale mail (worn)
 c - a +0 buckler (worn)
Jewellery
 j - a ring of flight (left hand)
 s - a +6 ring of intelligence
Scrolls
 h - 2 scrolls of identify {unknown}
 l - a scroll of acquirement {unknown}
 n - a scroll of noise {unknown}
 r - a scroll of poison {unknown}
 t - a scroll of enchant armour {unknown}
 u - a scroll of enchant weapon {unknown}
Potions
 d - 3 potions of might
 e - 2 potions of mutation {unknown}
 f - 4 potions of curing {unknown}
 g - a potion of heal wounds {unknown}
 i - a potion of haste {unknown}
 k - a potion of degeneration {unknown}
 o - a potion of brilliance {unknown}
 p - a potion of flight {unknown}
 v - a potion of cancellation {unknown}


   Skills:
 + Level 4.3 Fighting
 * Level 4.3 Axes
 + Level 1.0 Throwing
 + Level 4.4 Armour
 + Level 4.3 Shields


You had 4 spell levels left.
You didn't know any spells.
Your spell library contained the following spells:

 Spells                   Type           Power      Damage    Failure   Level
 Blink                    Tloc           0%         N/A       95%         2
 Lesser Beckoning         Tloc           0%         N/A       95%         2
 Momentum Strike          Conj/Tloc      0%         3d8       95%         2
 Animate Dead             Necr           0%         N/A       100%        4
 Borgnjor's Vile Clutch   Necr/Erth      0%         N/A       100%        5
 Death Channel            Necr           0%         N/A       100%        6


Dungeon Overview and Level Annotations

Branches:
Dungeon (3/15)

Altars:
Sif Muna
Trog
Uskayaw


Innate Abilities, Weirdness & Mutations

You have a pair of horns on your head.
You reflexively headbutt those who attack you in melee.


Message History

The hound closely misses you. The hound barely misses you.
The hound bites you but does no damage. You block the gnoll's attack.
The hound bites you but does no damage. The gnoll closely misses you.
The gnoll barely misses you. The gnoll hits you but does no damage.
The hound bites you.
You hit the gnoll but do no damage. You headbutt the gnoll!
The gnoll is severely wounded.
You slash the hound! You closely miss the gnoll.
The hound bites you but does no damage. You block the gnoll's attack.
The gnoll hits you from afar with a +0 spear.
The gnoll hits you with a +0 halberd. The hound bites you.
The gnoll hits you but does no damage. x2; You block the gnoll's attack.
The gnoll hits you from afar with a +0 spear!
The gnoll hits you with a +0 spear. The gnoll hits you with a +0 halberd!
The gnoll hits you with a +0 flail.
* * * LOW HITPOINT WARNING * * *
You hit the gnoll. Your headbutt misses the gnoll.
The gnoll is lightly wounded.
You slash the gnoll! You hit the gnoll.
You kill the gnoll!
You closely miss the hound. The hound misses you.
The hound bites you but does no damage. The gnoll closely misses you.
The gnoll hits you with a +0 flail.
* * * LOW HITPOINT WARNING * * *
The gnoll barely misses you.
Your Throwing skill increases to level 1!
You slash the gnoll!
You kill the gnoll!
You slash the gnoll! You barely miss the hound.
The hound bites you but does no damage. You block the hound's attack.
The gnoll hits you with a +0 spear.
* * * LOW HITPOINT WARNING * * *
The gnoll barely misses you.
You have reached level 5!
You closely miss the gnoll.
The gnoll is almost dead.
You barely miss the hound. The hound bites you.
* * * LOW HITPOINT WARNING * * *
The gnoll hits you from afar with a +0 spear!
You die...

#..........#....
##...........<....####..
#..................###..
#...................#...
........................
................#..#####
...................#....
........)g.........#)###
......g@h..........))..)
###....)#............###
###########...........
##...>.###..
##.....##### #.......#
#.......# #.......#
##.....##


You could see a hound and 2 gnolls.

Vanquished Creatures
  Jessica (D:3)
  2 gnolls (D:3)
  2 adders
  2 dart slugs
  6 orcs (D:3)
  3 ball pythons
  6 endoplasms
  3 giant cockroaches
  4 goblins
  6 hobgoblins
  4 jackals (D:2)
  4 kobolds
  3 quokkas
  6 bats
  2 frilled lizards (D:1)
  6 rats
60 creatures vanquished.

Notes
Turn   | Place    | Note
-------+----------+-------------------------------------------
     0 | D:1      | bmack86 the Minotaur Fighter began the quest for the Orb.
     0 | D:1      | Reached XP level 1. HP: 19/19 MP: 0/0
   145 | D:1      | Reached XP level 2. HP: 27/27 MP: 1/1
   485 | D:1      | Reached XP level 3. HP: 32/33 MP: 2/2
  1454 | D:3      | Found a bloodstained altar of Trog.
  1512 | D:3      | Reached XP level 4. HP: 38/40 MP: 3/3
  1588 | D:3      | Found a faded altar of an unknown god.
  1654 | D:3      | Found a hide-covered altar of Uskayaw.
  1688 | D:3      | Noticed Jessica
  1692 | D:3      | Killed Jessica
  1700 | D:3      | Found a shimmering blue altar of Sif Muna.
  1893 | D:3      | Reached skill level 1 in Throwing
  1894 | D:3      | Reached XP level 5. HP: 5/47 MP: 4/4
  1894 | D:3      | Slain by a gnoll

Illustrated notes

Levels and vault maps discovered:
D:1:      reono_arrival_forest_river, layout_basic, st_stairs_1
D:2:      layout_loops_ring
D:3:      layout_rooms, mainiacjoe_overflow_cross_hatched, tgw_sif,
          trog_three_pillars_becter, basic_ecumenical_altar

Skill      XL: |  1  2  3  4 |
---------------+-------------+-----
Axes           | 3 4 |  4.3
Fighting       | 4 |  4.3
Armour         | 4 |  4.4
Shields        | 4 |  4.3
Throwing       | 1 |  1.0

Action                   |  1- 3 |  4- 6 || total
-------------------------+-------+-------++-------
Melee: War axe           |    82 |    25 ||   107
       Headbutt          |     7 |     4 ||    11
Throw: Javelin           |       |     1 ||     1
Armor: Scale mail        |    51 |    20 ||    71
Dodge: Dodged            |    55 |    13 ||    68
Block: Buckler           |    18 |     6 ||    24

Table legend: (Time is in decaauts)
 A = Elapsed time spent in this place.
 B = Non-inter-level travel time spent in this place.
 C = Inter-level travel time spent in this place.
 D = Time resting spent in this place.
 E = Time spent auto-exploring this place.
 F = Levels seen in this place.
 G = Mean time per level.
                   A        B        C        D        E       F      G
               +--------+--------+--------+--------+--------+-----+--------+
         Total |   1936 |   1874 |     62 |     70 |   1209 |   3 |  645.3 |
       Dungeon |   1936 |   1874 |     62 |     70 |   1209 |   3 |  645.3 |
               +--------+--------+--------+--------+--------+-----+--------+

Top non-repeatable levels by time:
     D:2: 734 daAuts
     D:1: 703 daAuts
     D:3: 498 daAuts
